 Dungeon Crawl Stone Soup version 0.27.1-33-g824d729ab1 (webtiles) character file.

Game seed: 10378967252086249564

21 hamarrboo the Grave Robber (level 2, -2/20 HPs)
             Began as a Hill Orc Necromancer on Dec 10, 2021.
             Was a Follower of Nemelex Xobeh.
             Slain by an iguana (12 damage)
             ... on level 2 of the Dungeon.
             The game lasted 00:05:14 (994 turns).

hamarrboo the Grave Robber (Hill Orc Necromancer)    Turns: 994, Time: 00:05:15

Health: -2/20      AC:  2    Str: 10    XL:     2   Next: 83%
Magic:  0/4        EV: 12    Int: 15    God:    Nemelex Xobeh [*.....]
Gold:   46         SH:  0    Dex: 11    Spells: 2/4 levels left

rFire    . . .     SeeInvis .   b - +0 mace
rCold    . . .     Faith    .   (no shield)
rNeg     . . .     Spirit   .   a - +0 robe
rPois    .         Reflect  .   (no helmet)
rElec    .         Harm     .   (no cloak)
rCorr    .         Rampage  .   (no gloves)
Will     .....                  (no boots)
Stlth    ++........             (no amulet)
HPRegen  0.06/turn              (no ring)
MPRegen  0.09/turn              (no ring)

@: very slightly contaminated
A: no striking features
a: Renounce Religion, Draw Escape, Draw Destruction, Draw Summoning


You were on level 2 of the Dungeon.
You worshipped Nemelex Xobeh.
Nemelex Xobeh was aware of your devotion.
You visited 1 branch of the dungeon, and saw 2 of its levels.

You collected 46 gold pieces.

Inventory:

Hand Weapons
 b - a +0 mace (weapon)
Armour
 a - a +0 robe (worn)
Scrolls
 c - a scroll of noise {unknown}
 d - a scroll of identify {unknown}
 e - a scroll of acquirement {unknown}


   Skills:
 + Level 1.6 Dodging
 + Level 1.5 Stealth
 + Level 1.6 Spellcasting
 + Level 4.7 Necromancy


You had 2 spell levels left.
You knew the following spells:

 Your Spells              Type           Power      Damage    Failure   Level
a - Pain                  Necr           60%        1d7       3%          1
b - Animate Skeleton      Necr           30%        N/A       3%          1

Your spell library contained the following spells:

 Spells                   Type           Power      Damage    Failure   Level
 Vampiric Draining        Necr           7%         2d7       10%         3
 Animate Dead             Necr           7%         N/A       32%         4
 Agony                    Necr           15%        N/A       67%         5


Dungeon Overview and Level Annotations

Branches:
Dungeon (2/15)

Altars:
Nemelex Xobeh


Message History

The frilled lizard hisses angrily.
The frilled lizard writhes in agony.
You kill the frilled lizard!
A goblin comes into view. It is wielding a +0 dagger.
You can't see any susceptible monsters within range! (Use Z to cast anyway.)
The goblin writhes in agony.
You kill the goblin!
You see here a +0 dagger.
Found 18 stones.
You see here 18 stones.
You now have 46 gold pieces (gained 15).
Found a mace.
Okay, then.
An endoplasm comes into view.
You can't see any susceptible monsters within range! (Use Z to cast anyway.)
The endoplasm quivers.
The endoplasm writhes in agony.
The endoplasm writhes in agony.
The endoplasm writhes in agony.
You kill the endoplasm!
An iguana comes into view.
The iguana hisses angrily.
The iguana writhes in agony.
The iguana barely resists.
The iguana bites you!
The iguana writhes in agony.
The iguana misses you.
You are too injured to fight recklessly!
Casting: Pain (safe; 3% risk of failure)
Confirm with . or Enter, or press ? or * to list all spells.
Aiming: Pain (safe; 3% risk of failure)
Press: ? - help, Shift-Dir - straight line, f/p - iguana
Aim: an iguana (severely wounded, chance to affect: 80%)
You miscast Pain.
You are very lightly contaminated with residual magic.
Nothing appears to happen.
The iguana misses you.
You hit the iguana.
The iguana is almost dead.
The iguana bites you!
Ouch! That really hurt!
You die...
Your body disappears without a glow.

########.
#.l......
#@# #.#
#.# ..#.#
#.# #.#.#
#.# #.#.#
#.# #.#.#
#.####
#.#.#
#....#
#.#.#
#....#


You could see an iguana.

Vanquished Creatures
  A dart slug (D:1)
  A ball python (D:1)
  3 bats
  3 endoplasms
  3 goblins
  A hobgoblin (D:1)
  A quokka (D:1)
  A frilled lizard (D:2)
14 creatures vanquished.

Vanquished Creatures (collateral kills)
  A hobgoblin (D:1)
1 creature vanquished.

Grand Total: 15 creatures vanquished

Notes
Turn   | Place    | Note
-------+----------+-------------------------------------------
     0 | D:1      | hamarrboo the Hill Orc Necromancer began the quest for the
                  | Orb.
     0 | D:1      | Reached XP level 1. HP: 14/14 MP: 3/3
   191 | D:1      | Reached XP level 2. HP: 18/20 MP: 1/4
   193 | D:1      | Learned a level 1 spell: Animate Skeleton
   309 | D:1      | Found a faded altar of an unknown god.
   331 | D:1      | Became a worshipper of Nemelex Xobeh the Trickster
   331 | D:1      | Reached * piety under Nemelex Xobeh
   331 | D:1      | Received a gift from Nemelex Xobeh
   994 | D:2      | Slain by an iguana

Illustrated notes

Levels and vault maps discovered:
D:1:      shiori_arrival_whats_in_store_for_you, layout_rooms,
          chequers_ecumenical_altar_simple_redux
D:2:      layout_basic

Action                   || total
-------------------------++-------
Melee: Mace              ||     6
 Cast: Pain              ||    27
       Animate Skeleton  ||     2
Armor: Robe              ||     2
Dodge: Dodged            ||     4
